 Dungeon Crawl Stone Soup version 0.27-a0-1272-g7c8ad2e407 (webtiles) character file.

Game seed: 8264236072524270301

50 Bnni the Sneak (level 3, 0/22 HPs)
             Began as an Octopode Enchanter on June 11, 2021.
             Slain by a bat (1 damage)
             ... on level 1 of the Dungeon.
             The game lasted 00:08:17 (1531 turns).

Bnni the Sneak (Octopode Enchanter)                 Turns: 1531, Time: 00:08:17

Health: 0/22       AC:  1    Str:  7    XL:     3   Next: 79%
Magic:  1/6        EV: 13    Int: 18    God:
Gold:   32         SH:  0    Dex: 12    Spells: 3/6 levels left

rFire    . . .     SeeInvis .   a - +1 dagger
rCold    . . .     Faith    .   (no shield)
rNeg     . . .     Spirit   .   (helmet restricted)
rPois    .         Reflect  .   (no amulet)
rElec    .         Harm     .   c - ring of willpower
rCorr    .         Rampage  .   (no ring)
Will     +....                  (no ring)
Stlth    ++++......             (no ring)
HPRegen  0.07/turn              (no ring)
MPRegen  0.10/turn              (no ring)
                                (no ring)
                                (no ring)

@: no status effects
A: almost no armour, amphibious, 8 rings, camouflage 1, gelatinous body 1,
(nimble swimmer 1), tentacles
a: no special abilities


You were on level 1 of the Dungeon.
You visited 1 branch of the dungeon, and saw 2 of its levels.

You collected 32 gold pieces.

Inventory:

Hand Weapons
 a - a +1 dagger (weapon)
 d - a +0 short sword of holy wrath
Jewellery
 c - a ring of willpower (left tentacle)
Scrolls
 f - a scroll of fear {unknown}
 g - 2 scrolls of fog {unknown}
Potions
 b - a potion of curing {unknown}
 e - a potion of flight {unknown}
 h - a potion of brilliance {unknown}


   Skills:
 + Level 0.9 Fighting
 * Level 2.1 Short Blades
 - Level 2.0 Dodging
 + Level 4.5 Stealth
 + Level 2.2 Spellcasting
 - Level 3.0 Hexes
 * Level 1.3 Ice Magic


You had 3 spell levels left.
You knew the following spells:

 Your Spells              Type           Power      Damage    Failure   Level
a - Corona                Hex            13%        N/A       5%          1
b - Ensorcelled Hibernat  Hex/Ice        18%        N/A       11%         2

Your spell library contained the following spells:

 Spells                   Type           Power      Damage    Failure   Level
 Confusing Touch          Hex            12%        N/A       16%         3
 Tukima's Dance           Hex            12%        N/A       16%         3
 Dazzling Flash           Conj/Hex       14%        N/A       28%         3


Dungeon Overview and Level Annotations

Branches:
Dungeon (2/15)

Altars:


Innate Abilities, Weirdness & Mutations

You cannot wear most types of armour.
You are amphibious.
You can wear up to eight rings at the same time.
Your skin changes colour to match your surroundings (Stealth+).
Your rubbery body absorbs attacks. (AC +1, EV +1)
((You are camouflaged near water. (Stealth+)))
You have tentacles for arms and can constrict up to eight enemies at once.


Message History

The endoplasm freezes you.
You are frozen.
* * * LOW HITPOINT WARNING * * *
You hit the endoplasm.
You kill the endoplasm!
The bat closely misses you. x2
You barely miss the bat. Your grab misses the bat. The bat barely misses you.
You barely miss the bat. Your grab misses the bat. The bat hits you.
* * * LOW HITPOINT WARNING * * *
Casting: Ensorcelled Hibernation (safe; 11% risk of failure)
Confirm with . or Enter, or press ? or * to list all spells.
Aiming: Corona (safe; 5% risk of failure)
Press: ? - help, Shift-Dir - straight line, f - bat
Aim: a bat (chance to affect: 66%)
The bat is outlined in light.
The bat barely misses you.
You are too injured to fight recklessly!
You barely miss the bat. Your grab misses the bat.
The bat hits you but does no damage. The bat hits you but does no damage.
You hit the bat but do no damage. You grab the bat. You constrict the bat.
The bat hits you.
* * * LOW HITPOINT WARNING * * *
The bat escapes!
The bat stops glowing.
The bat hits you but does no damage. The bat hits you but does no damage.
You hit the bat but do no damage. Your grab misses the bat.
The bat is moderately wounded.
The bat hits you.
* * * LOW HITPOINT WARNING * * *
Casting: Corona (safe; 5% risk of failure)
Confirm with . or Enter, or press ? or * to list all spells.
Aiming: Ensorcelled Hibernation (safe; 11% risk of failure)
Press: ? - help, Shift-Dir - straight line, f/p - bat
Aim: a bat (moderately wounded, chance to affect: 58%)
The bat resists with significant effort.
The bat hits you.
* * * LOW HITPOINT WARNING * * *
You closely miss the bat. Your grab misses the bat. The bat closely misses you.
The bat hits you.
You die...

#..........#.........##.#####.#
#..........####...##...†...##.#
#.###.##.#.###.....####.......#
#.###.##.#........## ####.####
#........#######.## #.#
#####.#### #.# #.# #.# #.# #.##
#.# ##+## #..# #.# ##@b.## ##.#
# #.## ##.....## ###.### # #..##
##.......## #.....#
######...####.........####.###.#
............'.........+....# #.#
######...####.........####.###.#
# ##..## ##.......## #.....#
#..## ##.....## ####.##
#.##########...## #.#


You could see a bat.

Vanquished Creatures
  A gnoll (D:1)
  An adder (D:2)
  3 dart slugs
  4 endoplasms (D:1)
  A giant cockroach (D:1)
  4 ball pythons (D:1)
  A bat (D:2)
  3 frilled lizards (D:1)
  2 goblins (D:1)
  3 kobolds
  5 rats (D:1)
28 creatures vanquished.

Notes
Turn   | Place    | Note
-------+----------+-------------------------------------------
     0 | D:1      | Bnni the Octopode Enchanter began the quest for the Orb.
     0 | D:1      | Reached XP level 1. HP: 11/11 MP: 3/3
   253 | D:1      | Found a faded altar of an unknown god.
   298 | D:1      | Reached XP level 2. HP: 6/18 MP: 3/5
   301 | D:1      | Learned a level 2 spell: Ensorcelled Hibernation
   625 | D:1      | Reached XP level 3. HP: 22/22 MP: 3/6
   844 | D:1      | Reached skill level 1 in Ice Magic
  1529 | D:1      | HP: 1/22 [bat (1)]
  1531 | D:1      | Slain by a bat

Illustrated notes

Levels and vault maps discovered:
D:1:      dpeg_arrival_arbitrary_b, layout_loops_corners,
          shapermc_ecumenical_altar_gd
D:2:      layout_rooms, minmay_pentomino_o2, uniq_robin, uniq_sigmund,
          uniq_crazy_yiuf_cottage

Skill      XL: |  1  2  3 |
---------------+----------+-----
Ice Magic      | 1 |  1.3
Short Blades   | 2 |  2.1
Fighting       | |  0.9
Dodging        | |  2.0
Stealth        | |  4.5
Spellcasting   | |  2.2
Hexes          | |  3.0

Action                   || total
-------------------------++-------
Melee: Dagger            ||    67
       Constrict         ||    13
       Tentacles         ||     5
 Cast: Corona            ||     4
       Ensorcelled Hiber ||     5
 Stab: Sleeping          ||    11
Armor: Skin              ||    11
Dodge: Dodged            ||    52

Table legend: (Time is in decaauts)
 A = Elapsed time spent in this place.
 B = Non-inter-level travel time spent in this place.
 C = Inter-level travel time spent in this place.
 D = Time resting spent in this place.
 E = Time spent auto-exploring this place.
 F = Levels seen in this place.
 G = Mean time per level.
                   A        B        C        D        E       F      G
               +--------+--------+--------+--------+--------+-----+--------+
         Total |   1524 |   1474 |     50 |      5 |   1250 |   2 |  762.0 |
       Dungeon |   1524 |   1474 |     50 |      5 |   1250 |   2 |  762.0 |
               +--------+--------+--------+--------+--------+-----+--------+

Top non-repeatable levels by time:
     D:1: 1407 daAuts
     D:2: 117 daAuts
